 Dungeon Crawl Stone Soup version 0.31-a0-1370-gf52a5a9ab3 (webtiles) character file.

Game seed: 1255728895689119969

464 MisterAzrael the Ruffian (level 7, -2/46 HPs)
             Began as an Octopode Shapeshifter on Dec 23, 2023.
             Was a Believer of Cheibriados.
             Killed from afar by an orc wizard (17 damage)
             ... with a bolt of dispelling energy
             ... on level 4 of the Dungeon.
             The game lasted 00:04:57 (2948 turns).

MisterAzrael the Ruffian (Octopode Shapeshifter)    Turns: 2948, Time: 00:04:58

Health: -2/46      AC:  1    Str: 21    XL:     7   Next: 7%
Magic:  7/7        EV: 14    Int: 17    God:    Cheibriados [**....]
Gold:   300        SH:  0    Dex: 16    Spells: 5/6 levels left

rFire   . .          .
                       - Unarmed
rCold   . . .        (no shield)
rNeg    . . .        (helmet currently unavailable)
rPois   .            (no amulet)
rElec   .            (no ring)
rCorr   .            (no ring)
SInv    .            (no ring)
Will    .....        (no ring)
Stlth   ++           (no ring)
HPRegen 0.27/turn    (no ring)
MPRegen 0.10/turn    (no ring)
                     (no ring)

%: no passive effects
@: beast-form, very slow
A: beast (slay +2), almost no armour, amphibious, 8 rings, camouflage 1,
gelatinous body 1, (nimble swimmer 1), tentacles
a: Begin Untransformation, Renounce Religion, Bend Time


You were on level 4 of the Dungeon.
You worshipped Cheibriados.
Cheibriados was pleased with you.
You were a hulking beast.
You visited 1 branch of the dungeon, and saw 4 of its levels.

You collected 300 gold pieces.

Inventory:

Jewellery
 i - a +4 ring of protection
Talismans
 b - a beast talisman
 c - a flux talisman
Wands
 q - a wand of flame (24)
 u - a wand of digging (6)
Scrolls
 e - a scroll of fog {unknown}
 f - 2 scrolls of butterflies {unknown}
 g - 3 scrolls of identify {unknown}
 l - a scroll of enchant weapon {unknown}
 m - 5 scrolls of noise {unknown}
 o - 3 scrolls of teleportation {unknown}
 p - a scroll of vulnerability {unknown}
 r - a scroll of amnesia {unknown}
 t - a scroll of poison {unknown}
 x - 2 scrolls of silence {unknown}
 y - a scroll of acquirement {unknown}
Potions
 a - a potion of lignification
 d - a potion of enlightenment {unknown}
 j - 3 potions of curing
 k - 2 potions of ambrosia {unknown}
 n - a potion of haste {unknown}
 s - a potion of invisibility {unknown}
 v - a potion of might {unknown}
 w - a potion of mutation {unknown}
 z - 2 potions of brilliance {unknown}


   Skills:
 + Level 3.5 Fighting
 + Level 4.0 Dodging
 + Level 4.6 Unarmed Combat
 + Level 4.3 Shapeshifting


You had 5 spell levels left.
You knew the following spells:

 Your Spells              Type           Power      Damage    Failure   Level
a - Summon Small Mammal   Summ           0%         N/A       24%         1

Your spell library contained the following spells:

 Spells                   Type           Power      Damage    Failure   Level
 Apportation              Tloc           0%         N/A       24%         1
 Magic Dart               Conj           0%         1d3       24%         1
 Necrotise                Necr           0%         1d4       24%         1
 Sting                    Conj/Alch      0%         1d3       24%         1
 Searing Ray              Conj           0%         2d4       34%         2
 Dazzling Flash           Conj/Hex       0%         N/A       56%         3
 Volatile Blastmotes      Fire/Tloc      0%         2d10      56%         3
 Fulminant Prism          Conj/Alch      0%         3d5       93%         4
 Starburst                Conj/Fire      0%         6d3       100%        6
 Maxwell's Capacitive Co  Air            0%         ∞         100%        8


Dungeon Overview and Level Annotations

Branches:
Dungeon (4/15)
 Temple: D:4-7

Altars:
Cheibriados
Yredelemnul
Zin


Innate Abilities, Weirdness & Mutations

You are a hulking beast.
Your limbs bulge with bestial killing power. (Slay +2)
You cannot wear most types of armour.
You are amphibious.
You can wear up to eight rings at the same time.
Your skin changes colour to match your surroundings (Stealth+).
Your rubbery body absorbs attacks. (AC +1, EV +1)
((You are camouflaged when in or above water. (Stealth+)))
You have tentacles for arms and can constrict up to eight enemies at once.


Message History

You see here a ball python corpse.
An orc wizard comes into view. It is wielding a +1 dagger of speed.
Okay, then.
The orc wizard shouts!
The orc wizard casts a spell at you. You resist with some effort.
An orc wizard comes into view.
It is wielding a +0 dagger and carrying a wand of quicksilver.
An orc comes into view.
It is wielding a +1 flail of protection.
The orc shouts!
The orc wizard shouts!
You tentacle-slap the orc wizard but do no damage.
You grab the orc wizard. You constrict the orc wizard.
The orc wizard hits you with a +1 dagger of speed. x2
You tentacle-slap the orc wizard. You squeeze the orc wizard.
The orc wizard is heavily wounded.
You constrict the orc wizard.
The orc wizard hits you with a +1 dagger of speed.
You bludgeon the orc wizard!
You kill the orc wizard!
Cheibriados appreciates the change of pace.
Your Dodging skill increases to level 4!
The orc wizard mumbles some strange words.
The orc wizard flickers and vanishes!
Deactivating autopickup; reactivate with Ctrl-A.
You are confused.
You hear some strange, mumbled words.
Something tries to affect you, but you resist.
You feel less confused.
You hear a zap.
A bolt of dispelling energy appears from out of thin air!
The bolt of dispelling energy hits you! Something hits you.
The orc attacks as it pursues you!
The orc hits you with a +1 flail of protection!
Something hits you.
The orc hits you with a +1 flail of protection.
You miss something.
You hear a zap.
A bolt of dispelling energy appears from out of thin air!
The bolt of dispelling energy hits you!
You die...

...# #................PP........#
..######........... #...###.....
..................# ##....#......
..#####...........###............
........#..........).............
#.......#.####.....####....#..#..
..........#[.##.o.##.)#.......##.
'#......#.#...##{##...#.......#..
.#...####.##...#h#...##.........P
.#..###....##.†#.#'.##..........#
.#..........###...###.........##.
.##.............8.........#......
..#.##.##...###...###....###.♣.♣.
_.#.##..#..##.'#)#'.##...#...♣.♣.
..#.....#.##...#.#...##.#....♣.♣.
.##.#..>..#...##.##...#.#.###♣.♣#
.#..##....#..##...##..#...##.♣.♣#


You could see an orc.

Vanquished Creatures
  An ogre (D:4)
  A jelly (D:4)
  A sleepcap (D:4)
  3 hounds
  An orc wizard (D:4)
  8 adders (D:4)
  3 bombardier beetles
  3 worms
  2 dart slugs
  3 orcs (D:4)
  7 endoplasms
  6 giant cockroaches
  8 goblins
  11 hobgoblins
  11 jackals
  11 kobolds
  4 quokkas
  5 ball pythons
  7 bats
  A frilled lizard (D:3)
  5 rats
102 creatures vanquished.

Notes
Turn   | Place    | Note
-------+----------+-------------------------------------------
     0 | D:1      | MisterAzrael the Octopode Shapeshifter began the quest for
                  | the Orb.
     0 | D:1      | Reached XP level 1. HP: 13/13 MP: 1/1
    88 | D:1      | Reached XP level 2. HP: 18/18 MP: 2/2
   313 | D:1      | Reached XP level 3. HP: 21/23 MP: 3/3
   867 | D:2      | Reached XP level 4. HP: 24/29 MP: 4/4
   918 | D:2      | Identified the +0 robe "Javuw" {rN++ rCorr Dex-5 Stlth+}
  1277 | D:3      | Learned a level 1 spell: Summon Small Mammal
  1893 | D:3      | Found a basalt altar of Yredelemnul.
  1894 | D:3      | Found a snail-covered altar of Cheibriados.
  1925 | D:3      | Became a worshipper of Cheibriados the Contemplative
  1961 | D:3      | Reached XP level 5. HP: 35/35 MP: 5/5
  2329 | D:4      | Reached * piety under Cheibriados
  2506 | D:4      | Reached XP level 6. HP: 41/41 MP: 6/6
  2589 | D:4      | Found a glowing silver altar of Zin.
  2660 | D:4      | Reached ** piety under Cheibriados
  2919 | D:4      | Reached XP level 7. HP: 46/46 MP: 7/7
  2948 | D:4      | Killed from afar by an orc wizard

Illustrated notes

Levels and vault maps discovered:
D:1:      wheals_arrival_linesprint, layout_basic
D:2:      layout_loops_ring
D:3:      layout_loops_cross, mainiacjoe_overflow_divided_tiny,
          roderic_roman_lattice
D:4:      cheibrodos_barr_body, layout_cave_pools,
          mainiacjoe_overflow_surrounded_room, mainiacjoe_overflow_alcove_2,
          minitemple, temple_fountains, serial_forest,
          infiniplex_forest_straight_3, infiniplex_forest_clump_long,
          infiniplex_forest_clump_double, infiniplex_forest_clump_curved,
          infiniplex_forest_corner_2, infiniplex_forest_zigzag_2,
          infiniplex_forest_clump_long, minmay_misc_feat_diagonals

Skill      XL: |  1  2  3  4  5  6  7 |
---------------+----------------------+-----
Fighting       | 2 3 |  3.5
Dodging        | 3 4 |  4.0
Unarmed Combat | 4 |  4.6
Shapeshifting  | 4 |  4.3

Action                     |  1- 3 |  4- 6 |  7- 9 || total
---------------------------+-------+-------+-------++-------
  Melee: Unarmed           |    64 |   134 |     6 ||   204
         Constrict         |    14 |    28 |     1 ||    43
         Punch             |     4 |     6 |       ||    10
         Tentacles         |     9 |    24 |     1 ||    34
    Use: Potion            |       |     4 |       ||     4
   Stab: Sleeping          |     2 |    10 |       ||    12
 Armour: Skin              |    21 |    57 |     9 ||    87
  Dodge: Dodged            |    31 |    73 |       ||   104

Table legend: (Time is in decaauts)
 A = Elapsed time spent in this place.
 B = Non-inter-level travel time spent in this place.
 C = Inter-level travel time spent in this place.
 D = Time resting spent in this place.
 E = Time spent auto-exploring this place.
 F = Levels seen in this place.
 G = Mean time per level.
                   A        B        C        D        E       F      G
               +--------+--------+--------+--------+--------+-----+--------+
         Total |   3098 |   3012 |     86 |    446 |   1983 |   4 |  774.5 |
       Dungeon |   3098 |   3012 |     86 |    446 |   1983 |   4 |  774.5 |
               +--------+--------+--------+--------+--------+-----+--------+

Top non-repeatable levels by time:
     D:4: 1041 daAuts
     D:3: 815 daAuts
     D:2: 640 daAuts
     D:1: 600 daAuts
